 Dungeon Crawl Stone Soup version 0.31-a0-632-g766dd24fdf (webtiles) character file.

Game seed: 9831416379953532834

105 ytrimaz the Trooper (level 4, -3/48 HPs)
             Began as an Ogre Shapeshifter on Aug 25, 2023.
             Slain by an ice beast (10 damage)
             ... on level 3 of the Dungeon.
             The game lasted 00:02:06 (2734 turns).

ytrimaz the Trooper (Ogre Shapeshifter)             Turns: 2734, Time: 00:02:07

Health: -3/48      AC:  3    Str: 19    XL:     4   Next: 81%
Magic:  4/4        EV: 10    Int:  9    God:
Gold:   71         SH:  0    Dex: 11    Spells: 3/3 levels left

rFire   . .          .
                       - Unarmed
rCold   . . .        (no shield)
rNeg    . . .        a - +0 animal skin
rPois   .            (helmet currently unavailable)
rElec   .            (cloak currently unavailable)
rCorr   .            (gloves unavailable)
SInv    .            (boots unavailable)
Will    .....        (no amulet)
Stlth   +            (no ring)
HPRegen 0.28/turn    (no ring)
MPRegen 0.09/turn

%: no passive effects
@: beast-form
A: beast (slay +2), large, unfitting armour, tough skin 1
a: Begin Untransformation


You were on level 3 of the Dungeon.
You were a hulking beast.
You visited 1 branch of the dungeon, and saw 3 of its levels.

You collected 71 gold pieces.


Innate Abilities, Weirdness & Mutations

You are a hulking beast.
Your limbs bulge with bestial killing power. (Slay +2)
You are too large for most types of armour.
You have tough skin. (AC +1)


   Skills:
 + Level 4.2 Fighting
 - Level 1.7 Dodging
 - Level 2.6 Unarmed Combat
 + Level 4.1 Shapeshifting


You had 3 spell levels left.
You didn't know any spells.
Your spell library was empty.

Inventory:

Armour
 a - a +0 animal skin (worn)
Jewellery
 m - a +6 ring of strength
   (You found it on level 2 of the Dungeon)
Talismans
 c - a beast talisman (active)
 d - a flux talisman
Scrolls
 b - 2 scrolls of fear {unknown}
 g - 5 scrolls of identify {unknown}
 h - a scroll of torment {unknown}
 j - a scroll of silence {unknown}
 k - a scroll of amnesia {unknown}
 l - a scroll of revelation {unknown}
 o - a scroll of fog {unknown}
Potions
 e - a potion of berserk rage
 f - a potion of heal wounds {unknown}
 i - a potion of lignification
 n - a potion of haste {unknown}

Dungeon Overview and Level Annotations

Branches:
Dungeon (3/15) Zot: 15261

Altars:
Kikubaaqudgha

Shops:
D:3

*
#...#.#.....#
#.#
###.#.#####.#
#.#
....#.....#.#
#.#
#########.#.#
#.#
#...........#
#.#
#.#######.###
#.# ..# #.#
#.#
#########.#
#.#
..........#
#h#
############
#Y#
........(..#
#.#
#...#...#..#
#.#
.........._#
...
#...#...#..#
###
...........#
############
.#######.#


You could see an ice beast.


Message History

You barely miss Natasha. You hit Natasha. Natasha misses you.
Unknown command.
You hit Natasha.
Natasha casts a spell.
You barely miss Natasha. Natasha claws you.
The cerulean imp hits you with a +3 spear. 😮 HP[-10]
You take 10 damage, and now have 29/48 hp.
MASSIVE DAMAGE!! (PAUSE)
You miss Natasha. Natasha claws you. 😮 HP[-4]
You take 4 damage, and now have 25/48 hp.
You are too injured to fight recklessly!
You miss Natasha.
The cerulean imp hits you but does no damage.
Natasha claws you.
* * * LOW HITPOINT WARNING * * *
Unknown command. 😨 HP[-1]
You take 1 damage, and now have 24/48 hp.
You closely miss Natasha.
The cerulean imp hits you with a +3 spear.
* * * LOW HITPOINT WARNING * * *
Natasha mewls in sadness.
Natasha stares at you and mumbles some strange words.
The magic dart hits you.
* * * LOW HITPOINT WARNING * * *
😨 HP[-7]
You take 7 damage, and now have 17/48 hp.
Unknown command.
It was a potion of berserk rage.
A red film seems to cover your vision as you go berserk!
You feel yourself moving faster!
You feel mighty!
The cerulean imp hits you with a +3 spear!
* * * LOW HITPOINT WARNING * * *
Natasha casts a spell. 😨 HP[+3]
You now have 72 max hp (+24).
You regained 3 hp, and now have 20/72 hp.
You punch Natasha!
You kill Natasha!
Natasha yowls pathetically as she dies!
The cerulean imp disappears in a puff of smoke! x2
Your Fighting skill increases to level 4!
Unknown command.
You feel a strong urge to attack something.
Unknown command. 😨 HP[+1] Unknown command.
You feel your anger nearly subside.
You are no longer berserk.
You are exhausted.
You feel yourself slow down. 😨 HP[-7]
You now have 48 max hp (-24).
You start resting.
You feel yourself speed up. 😮 HP[+12]
You regained 12 hp, and now have 26/48 hp.
You recover from your berserk rage.
Key pressed, stopping explore.
You start resting. 😎 HP[+22]
Your hp is fully restored (48).
Key pressed, stopping explore.
An ice beast comes into view.
An ice beast is nearby!
The ice beast barely misses you.
You hit the ice beast. The ice beast closely misses you.
Unknown command.
You hit the ice beast but do no damage. You punch the ice beast.
The ice beast hits you. The ice beast freezes you! 😕 HP[-11]
You take 11 damage, and now have 37/48 hp.
MASSIVE DAMAGE!! (PAUSE)
You barely miss the ice beast. The ice beast closely misses you.
You barely miss the ice beast.
The ice beast hits you but does no damage.
Unknown command.
You closely miss the ice beast. The ice beast hits you.
The ice beast freezes you! 😮 HP[-9]
You take 9 damage, and now have 28/48 hp.
Unknown command.
You barely miss the ice beast. Your punch misses the ice beast.
The ice beast hits you. The ice beast freezes you.
* * * LOW HITPOINT WARNING * * *
😨 HP[-9]
You take 9 damage, and now have 19/48 hp.
You hit the ice beast but do no damage. The ice beast hits you.
* * * LOW HITPOINT WARNING * * *
The ice beast freezes you!
* * * LOW HITPOINT WARNING * * *
😱 HP[-11]
You take 11 damage, and now have 8/48 hp.
MASSIVE DAMAGE!! (PAUSE)
You punch the ice beast! The ice beast hits you.
* * * LOW HITPOINT WARNING * * *
The ice beast freezes you!
You die...

Skill      XL: |  1  2  3  4 |
---------------+-------------+-----
Fighting       | 2 3 4 |  4.2
Shapeshifting  | 4 |  4.1
Dodging        | |  1.7
Unarmed Combat | |  2.6

Action                     |  1- 3 |  4- 6 || total
---------------------------+-------+-------++-------
  Melee: Unarmed           |    93 |    77 ||   170
         Punch             |     2 |     2 ||     4
    Use: Potion            |     1 |     1 ||     2
   Stab: Sleeping          |       |     2 ||     2
 Armour: Skin              |     4 |       ||     4
         Animal skin       |    27 |    20 ||    47
  Dodge: Dodged            |    59 |    22 ||    81

Levels and vault maps discovered:
D:1:      dpeg_arrival_boxorama, layout_basic
D:2:      layout_loops_ring, hellmonk_ecumenical_altar_zigzags,
          minmay_hedge_maze, minmay_hexomino_u4
D:3:      layout_basic, lemuel_coloured_pillars_altar, serial_shops,
          nicolae_diamond_shop, uniq_natasha

Notes
Turn   | Place    | Note
-------+----------+-------------------------------------------
     0 | D:1      | ytrimaz the Ogre Shapeshifter began the quest for the Orb.
     0 | D:1      | Reached XP level 1. HP: 19/19 MP: 1/1
     0 | D:1      | magus.rc [v1.9.6]
    22 | D:1      | HP: 4/19 [gnoll/+0 spear (1)]
    27 | D:1      | Reached skill level 2 in Fighting
    27 | D:1      | Reached XP level 2. HP: 6/28 MP: 2/2
   528 | D:1      | Reached XP level 3. HP: 36/36 MP: 3/3
   593 | D:1      | Reached skill level 3 in Fighting
  1070 | D:2      | Found a faded altar of an unknown god.
  1151 | D:2      | Reached XP level 4. HP: 43/45 MP: 4/4
  1747 | D:3      | Found Qoedd's Assorted Antiques.
  2059 | D:3      | Reached skill level 4 in Shapeshifting
  2455 | D:3      | Found an ancient bone altar of Kikubaaqudgha.
  2540 | D:3      | Noticed Natasha
  2556 | D:3      | Killed Natasha
  2557 | D:3      | Reached skill level 4 in Fighting
  2723 | D:3      | Noticed an ice beast
  2733 | D:3      | HP: 8/48 [ice beast (7)]
  2734 | D:3      | Slain by an ice beast

Vanquished Creatures
  Natasha (D:3)
  An adder (D:2)
  A gnoll (D:1)
  A dart slug (D:2)
  3 endoplasms
  8 giant cockroaches
  3 goblins
  5 hobgoblins
  9 jackals
  2 kobolds
  2 quokkas
  3 ball pythons
  4 bats
  5 frilled lizards
  7 rats
55 creatures vanquished.

Table legend:
 A = Non-vault XP
 B = Vault XP
 C = Vault XP percentage of total XP
 D = Non-vault monster count
 E = Vault monster count
 F = Vault count percentage of total count
                 A         B        C        D         E       F
            +---------+---------+-------+---------+---------+-------
      Total |     115 |      35 |  23.3 |      53 |       2 |   3.6
            +---------+---------+-------+---------+---------+-------
        D:1 |      48 |       0 |   0.0 |      22 |       0 |   0.0
        D:2 |      45 |       2 |   4.3 |      19 |       1 |   5.0
        D:3 |      22 |      33 |  60.0 |      12 |       1 |   7.7
            +---------+---------+-------+---------+---------+-------

Skill      XL: |  1  2  3  4 |
---------------+-------------+-----
Fighting       | 2 3 4 |  4.2
Shapeshifting  | 4 |  4.1
Dodging        | |  1.7
Unarmed Combat | |  2.6

Action                     |  1- 3 |  4- 6 || total
---------------------------+-------+-------++-------
  Melee: Unarmed           |    93 |    77 ||   170
         Punch             |     2 |     2 ||     4
    Use: Potion            |     1 |     1 ||     2
   Stab: Sleeping          |       |     2 ||     2
 Armour: Skin              |     4 |       ||     4
         Animal skin       |    27 |    20 ||    47
  Dodge: Dodged            |    59 |    22 ||    81

Illustrated notes

Table legend:
 A = Kills in this place as a percentage of kills in the entire game.
 B = Kills by you in this place as a percentage of kills by you in the entire game.
 C = Kills by friends in this place as a percentage of kills by friends in the entire game.
 D = Other kills in this place as a percentage of other kills in the entire game.
 E = Experience gained in this place as a percentage of experience gained in the entire game.
 F = Experience gained in this place divided by the number of levels of this place that you have seen.
                   A       B       C       D       E      F
               +-------+-------+-------+-------+-------+----------------------
         Total | 100.0 | 100.0 |   N/A |   N/A | 100.0 |  50.0
       Dungeon | 100.0 | 100.0 |   N/A |   N/A | 100.0 |  50.0
               +-------+-------+-------+-------+-------+----------------------

Table legend: (Time is in decaauts)
 A = Elapsed time spent in this place.
 B = Non-inter-level travel time spent in this place.
 C = Inter-level travel time spent in this place.
 D = Time resting spent in this place.
 E = Time spent auto-exploring this place.
 F = Levels seen in this place.
 G = Mean time per level.
                   A        B        C        D        E       F      G
               +--------+--------+--------+--------+--------+-----+--------+
         Total |   2737 |   2711 |     26 |     73 |   2241 |   3 |  912.3 |
       Dungeon |   2737 |   2711 |     26 |     73 |   2241 |   3 |  912.3 |
               +--------+--------+--------+--------+--------+-----+--------+

Top non-repeatable levels by time:
     D:3: 1001 daAuts
     D:1: 873 daAuts
     D:2: 862 daAuts
